 Dungeon Crawl Stone Soup version 0.29-a0-998-g1987434951 (webtiles) character file.

Game seed: 13490535222573599657

35 drpainis the Chopper (level 3, -3/33 HPs)
             Began as a Hill Orc Monk on Aug 6, 2022.
             Slain by Jessica
             ... wielding a +0 club
              (5 damage)
             ... on level 2 of the Dungeon.
             The game lasted 00:01:38 (1478 turns).

drpainis the Chopper (Hill Orc Monk)                Turns: 1478, Time: 00:01:39

Health: -3/33      AC:  6    Str: 15    XL:     3   Next: 35%
Magic:  3/3        EV: 11    Int: 10    God:
Gold:   56         SH:  0    Dex: 13    Spells: 2/2 levels left

rFire   . . .      SeeInvis .   a - +0 hand axe
rCold   . . .      Faith    .   (no shield)
rNeg    . . .      Spirit   .   g - +0 ring mail
rPois   .          Reflect  .   (no helmet)
rElec   .          Harm     .   (no cloak)
rCorr   .          Rampage  .   e - +0 pair of gloves
Will    .....                   (no boots)
Stlth   +.........              (no amulet)
HPRegen 0.11/turn               (no ring)
MPRegen 0.08/turn               (no ring)

@: slowed, very slow
A: no striking features
a: no special abilities


You were on level 2 of the Dungeon.
You visited 1 branch of the dungeon, and saw 2 of its levels.

You collected 56 gold pieces.

Inventory:

Hand Weapons
 a - a +0 hand axe (weapon)
 i - a +4 dagger
Armour
 b - a +0 robe
 e - a +0 pair of gloves (worn)
 g - a +0 ring mail (worn)
Scrolls
 d - a scroll of teleportation {unknown}
 j - a scroll of summoning {unknown}
Potions
 c - a potion of ambrosia
 f - a potion of haste {unknown}
 h - 2 potions of mutation {unknown}


   Skills:
 + Level 4.3 Fighting
 + Level 4.6 Axes
 + Level 0.1 Armour
 + Level 2.7 Dodging
 + Level 1.7 Stealth


You had 2 spell levels left.
You didn't know any spells.
Your spell library contained the following spells:

 Spells                   Type           Power      Damage    Failure   Level
 Ozocubu's Armour         Ice            0%         N/A       92%         3
 Ozocubu's Refrigeration  Ice            0%         4d7       100%        7


Dungeon Overview and Level Annotations

Branches:
Dungeon (2/15)

Altars:

Annotations:
D:2 Jessica


Message History

Jessica gestures at you while chanting. You resist with some effort.
Jessica gestures wildly while chanting.
Jessica blinks!
Jessica gestures at you while chanting. Pain shoots through your body!
Jessica casts a spell.
Jessica blinks!
Jessica barely misses you. Jessica hits you with a +0 club.
Jessica gestures wildly while chanting.
Jessica blinks!
Jessica gestures at you while chanting. Pain shoots through your body!
* * * LOW HITPOINT WARNING * * *
Jessica casts a spell at you.
You feel as though you will be slow longer.
You completely miss Jessica.
Jessica is severely wounded.
Jessica closely misses you.
You hit Jessica.
Jessica is almost dead.
Jessica casts a spell.
Jessica blinks!
Jessica closely misses you.
You closely miss Jessica.
Jessica is severely wounded.
Jessica hits you with a +0 club.
* * * LOW HITPOINT WARNING * * *
Jessica gestures wildly.
Jessica hits you with a +0 club.
* * * LOW HITPOINT WARNING * * *
You closely miss Jessica.
Jessica is severely wounded.
Jessica barely misses you.
You hit Jessica but do no damage.
Jessica is severely wounded.
Jessica hits you with a +0 club.
* * * LOW HITPOINT WARNING * * *
Jessica hits you with a +0 club.
You die...

.............$..#
................#
######...#...####
######?..#...#
#........#...#
#.####...#####
###.#.## #..###.#
##@#.#.##
#@......#
.......#.#####
#.#..#........#
#.#.....##.###.#
..###>.####.# #.#
..# ##......# #.#
.# ##.###.# #.#
##..# #.###.#


You could see Jessica.

Vanquished Creatures
  A dart slug (D:1)
  5 endoplasms (D:1)
  2 goblins
  7 hobgoblins (D:1)
  3 kobolds
  A quokka (D:1)
  3 ball pythons (D:1)
  2 bats
  3 frilled lizards (D:1)
  2 rats (D:1)
29 creatures vanquished.

Notes
Turn   | Place    | Note
-------+----------+-------------------------------------------
     0 | D:1      | drpainis the Hill Orc Monk began the quest for the Orb.
     0 | D:1      | Reached XP level 1. HP: 19/19 MP: 1/1
   342 | D:1      | Reached XP level 2. HP: 27/27 MP: 2/2
   781 | D:1      | Reached XP level 3. HP: 33/33 MP: 3/3
  1450 | D:2      | Noticed Jessica
  1478 | D:2      | Slain by Jessica

Illustrated notes

Levels and vault maps discovered:
D:1:      saegor_arrival_under_anarchy, layout_loops_ring,
          hangedman_decor_peaks_small, hex_large
D:2:      layout_loops_cross, nicolae_ecumenical_lake_church,
          minmay_misc_feat_diagonals, uniq_jessica, uniq_sigmund

Skill      XL: |  1  2 |
---------------+-------+-----
Fighting       | 4 |  4.3
Axes           | |  4.6
Armour         | |  0.1
Dodging        | |  2.7
Stealth        | |  1.7

Action                   || total
-------------------------++-------
Melee: Hand axe          ||    75
       Punch             ||     2
 Stab: Sleeping          ||     3
Armor: Ring mail         ||    20
       Robe              ||     3
Dodge: Dodged            ||    48

Table legend: (Time is in decaauts)
 A = Elapsed time spent in this place.
 B = Non-inter-level travel time spent in this place.
 C = Inter-level travel time spent in this place.
 D = Time resting spent in this place.
 E = Time spent auto-exploring this place.
 F = Levels seen in this place.
 G = Mean time per level.
                   A        B        C        D        E       F      G
               +--------+--------+--------+--------+--------+-----+--------+
         Total |   1496 |   1465 |     31 |      5 |   1119 |   2 |  748.0 |
       Dungeon |   1496 |   1465 |     31 |      5 |   1119 |   2 |  748.0 |
               +--------+--------+--------+--------+--------+-----+--------+

Top non-repeatable levels by time:
     D:1: 1403 daAuts
     D:2: 92 daAuts
